 Dungeon Sprint DCSS version 0.31-a0-774-g0d66cbabe8 (webtiles) character file.

Game seed: 7895993366513524173

625 Conn the Arsonist (level 7, -7/43 HPs)
             Began as an Octopode Fire Elementalist on Sept 17, 2023.
             Was a Follower of Sif Muna.
             Mangled by a sun demon (19 damage)
             ... summoned by a kobold demonologist
             ... while paralysed by a floating eye
             ... in the Dungeon (Sprint I: "Red Sonja").
             The game lasted 00:04:14 (581 turns).

Conn the Arsonist (Octopode Fire Elementalist)       Turns: 581, Time: 00:04:15

Health: -7/43      AC:  1    Str:  8    XL:     7   Next: 47%
Magic:  9/17       EV:  2    Int: 19    God:    Sif Muna [*.....]
Gold:   405        SH:  0    Dex: 12    Spells: 7/20 levels left

rFire   . . .        g - +0 dagger
rCold   . . .        (no shield)
rNeg    . . .        (helmet restricted)
rPois   .            (no amulet)
rElec   .            (no ring)
rCorr   .            (no ring)
SInv    .            (no ring)
Will    .....        (no ring)
Stlth   ++++         (no ring)
HPRegen 0.27/turn    (no ring)
MPRegen 0.15/turn    (no ring)
                     (no ring)

%: no teleportation
@: paralysed, hasted
A: almost no armour, amphibious, 8 rings, camouflage 1, gelatinous body 1,
(nimble swimmer 1), tentacles
a: Renounce Religion, Channel Magic


You were in the Dungeon.
You worshipped Sif Muna.
Sif Muna was aware of your devotion.
You visited 1 branch You collected 405 gold pieces.

Inventory:

Hand Weapons
 g - a +0 dagger (weapon)
Wands
 e - a wand of mindburst (31)
Potions
 a - 3 potions of magic
 b - a potion of curing
 c - a potion of heal wounds


   Skills:
 + Level 1.2 Fighting
 + Level 1.8 Short Blades
 + Level 4.4 Dodging
 - Level 5.0 Stealth
 + Level 7.2 Spellcasting
 * Level 6.7 Conjurations
 + Level 10.0 Fire Magic
 * Level 3.1 Ice Magic
 * Level 3.5 Invocations


You had 7 spell levels left.
You knew the following spells:

 Your Spells              Type           Power      Damage    Failure   Level
a - Foxfire               Conj/Fire      100%       2x1d9     1%          1
b - Scorch                Fire           90%        2d8       1%          2
c - Inner Flame           Hex/Fire       25%        N/A       3%          3
d - Flame Wave            Conj/Fire      38%        2d10      3%          4
e - Hailstorm             Conj/Ice       25%        3d7       4%          3

Your spell library contained the following spells:

 Spells                   Type           Power      Damage    Failure   Level
 Freeze                   Ice            72%        1d8       2%          1
 Volatile Blastmotes      Fire/Tloc      50%        2d14      3%          3
 Frozen Ramparts          Ice            36%        1d6       9%          3


Dungeon Overview and Level Annotations

Branches:
Dungeon (1/1)

Altars:
Cheibriados
Dithmenos
Elyvilon
Fedhas
Gozag
Hepliaklqana
Kikubaaqudgha
Makhleb
Nemelex Xobeh
Okawaru
Qazlal
Ru
Sif Muna
Trog
Uskayaw
Vehumet
Wu Jian
Xom
Yredelemnul
Zin
The Shining One
Jiyva
Lugonu

Shops:
D =


Innate Abilities, Weirdness & Mutations

You cannot wear most types of armour.
You are amphibious.
You can wear up to eight rings at the same time.
Your skin changes colour to match your surroundings (Stealth+).
Your rubbery body absorbs attacks. (AC +1, EV +1)
((You are camouflaged when in or above water. (Stealth+)))
You have tentacles for arms and can constrict up to eight enemies at once.


Message History

Okay, then.
Unknown command.
Okay, then.
Unknown command.
Press: ? - help, v - describe, . - travel
Here: a sun demon (summoned)
An open door.
Unknown command.
Unknown command.
Unknown command.
Unknown command.
You feel yourself speed up.
A kobold demonologist comes into view. It is wielding a +0 dagger.
The sun demon hits you!
You are engulfed in flames!
There is an open door here.
There is a corrupted altar of Lugonu here.
You close the door.
Something unseen breaks down the door.
Casting: Inner Flame (dangerous; 3% risk of failure)
Confirm with . or Enter, or press ? or * to list all spells.
Casting: Hailstorm (dangerous; 4% risk of failure)
Press: ? - help, Dir - look around, f - activate A cannonade of hail descends around you!
The hail misses the kobold demonologist.
Unknown command.
Press < or > to pray at altars.
Unknown command.
Press < or > to pray at altars.
Unknown command.
Press < or > to pray at altars.
The kobold demonologist gestures wildly while chanting.
The floating eye's view fixates on you.
There is an open door here.
The kobold demonologist casts a cantrip, but nothing happens.
The floating eye gazes piercingly through you!
You suddenly lose the ability to move!
The floating eye seems to glare at you. The sun demon hits you!
* * * LOW HITPOINT WARNING * * *
You are engulfed in flames!!
You die...

##########################
#<.#..'..#..'..#__#5K'...#
#..)[.#..'..#..3.55KG#...#
#.)#####'#####@#__#### .+
#..####..#...#.####
#..#__####..##[#
#..#_____##'#_.+
#⌠⌠#_.∩...'.†._#
####_..__##_.#'#
#_____###+#.# ####### ###


You could see a sun demon (summoned), 2 kobold demonologists, a floating eye
(charged), 2 iron imps and a crimson imp (summoned).

Vanquished Creatures
  A slime creature (D)
  Sigmund (D)
  A yak (D)
  An ogre (D)
  A jelly (D)
  Ijyb (D)
6 creatures vanquished.

Vanquished Creatures (others)
  25 foxfires (D)
25 creatures vanquished.

Grand Total: 31 creatures vanquished

Notes
Turn   | Place    | Note
-------+----------+-------------------------------------------
     0 | D        | Conn the Octopode Fire Elementalist began the quest for the
                  | Orb.
     0 | D        | Reached XP level 1. HP: 11/11 MP: 3/3
     3 | D        | Noticed Ijyb
     6 | D        | Killed Ijyb
     7 | D        | Reached skill level 4 in Fire Magic
     7 | D        | Reached XP level 2. HP: 17/17 MP: 0/6
     7 | D        | Reached XP level 3. HP: 21/21 MP: 0/7
    63 | D        | Learned a level 2 spell: Scorch
    67 | D        | Learned a level 3 spell: Inner Flame
    71 | D        | Noticed an ogre
    79 | D        | Killed an ogre
    80 | D        | Reached skill level 6 in Fire Magic
    80 | D        | Reached XP level 4. HP: 5/27 MP: 0/10
   173 | D        | Noticed Sigmund
   191 | D        | Killed Sigmund
   192 | D        | Reached skill level 1 in Short Blades
   192 | D        | Reached skill level 5 in Spellcasting
   192 | D        | Reached skill level 5 in Conjurations
   192 | D        | Reached skill level 8 in Fire Magic
   192 | D        | Reached XP level 5. HP: 13/32 MP: 3/13
   192 | D        | Reached XP level 6. HP: 15/37 MP: 3/14
   277 | D        | Learned a level 4 spell: Flame Wave
   391 | D        | Found an ornate altar of the Wu Jian Council.
   391 | D        | Found a shimmering blue altar of Sif Muna.
   393 | D        | Found a radiant altar of Vehumet.
   397 | D        | Became a worshipper of Sif Muna the Loreminder
   436 | D        | Learned a level 3 spell: Hailstorm
   439 | D        | Found Sioll's Jewellery Emporium.
   439 | D        | Found an ancient bone altar of Kikubaaqudgha.
   439 | D        | Found a hazy altar of Hepliaklqana.
   439 | D        | Found a stormy altar of Qazlal.
   439 | D        | Found a hide-covered altar of Uskayaw.
   439 | D        | Found a blossoming altar of Fedhas.
   439 | D        | Found a bloodstained altar of Trog.
   439 | D        | Found an iron altar of Okawaru.
   439 | D        | Found a basalt altar of Yredelemnul.
   439 | D        | Found a glowing golden altar of the Shining One.
   439 | D        | Found a snail-covered altar of Cheibriados.
   439 | D        | Found a sacrificial altar of Ru.
   439 | D        | Found a glowing silver altar of Zin.
   439 | D        | Found a shadowy altar of Dithmenos.
   439 | D        | Found a white marble altar of Elyvilon.
   439 | D        | Noticed a yak
   445 | D        | Killed a yak
   446 | D        | Reached skill level 5 in Stealth
   446 | D        | Reached skill level 9 in Fire Magic
   446 | D        | Reached XP level 7. HP: 42/42 MP: 9/16
   448 | D        | Found an opulent altar of Gozag.
   449 | D        | Found a sparkling altar of Nemelex Xobeh.
   489 | D        | Found a burning altar of Makhleb.
   489 | D        | Found a viscous altar of Jiyva.
   489 | D        | Found a shimmering altar of Xom.
   489 | D        | Found a corrupted altar of Lugonu.
   489 | D        | Noticed a slime creature
   502 | D        | Killed a slime creature
   502 | D        | Reached * piety under Sif Muna
   503 | D        | Reached skill level 1 in Fighting
   503 | D        | Reached skill level 10 in Fire Magic
   568 | D        | Noticed a kobold demonologist
   571 | D        | Noticed a sun demon
   571 | D        | Noticed a kobold demonologist
   579 | D        | Paralysed by a floating eye for 3 turns
   581 | D        | Mangled by a sun demon

Illustrated notes

Levels and vault maps discovered:
D:        dungeon_sprint_1 [red_sonja_temple_1, red_sonja_temple_small_1]

Skill      XL: |  1  2  3  4  5  6  7 |
---------------+----------------------+-----
Stealth        | 3 4 5 |  5.0
Spellcasting   | 3 4 5 6 7 |  7.2
Conjurations   | 2 3 5 6 |  6.7
Fire Magic     | 4 6 8 9 10 | 10.0
Dodging        | 3 4 |  4.4
Short Blades   | 1 |  1.8
Ice Magic      | 2 3 |  3.1
Invocations    | 2 3 |  3.5
Fighting       | 1 |  1.2

Action                     |  1- 3 |  4- 6 |  7- 9 || total
---------------------------+-------+-------+-------++-------
  Melee: Unarmed           |     1 |       |       ||     1
         Tentacles         |     1 |       |       ||     1
         Dagger            |     1 |       |       ||     1
   Cast: Foxfire           |     5 |     3 |     6 ||    14
         Scorch            |     2 |     8 |     2 ||    12
         Inner Flame       |       |       |     2 ||     2
         Hailstorm         |       |       |     1 ||     1
    Use: Potion            |     1 |       |     1 ||     2
         Scroll            |     1 |       |       ||     1
 Armour: Skin              |     1 |     2 |     2 ||     5
  Dodge: Dodged            |     1 |     2 |       ||     3

Table legend: (Time is in decaauts)
 A = Elapsed time spent in this place.
 B = Non-inter-level travel time spent in this place.
 C = Inter-level travel time spent in this place.
 D = Time resting spent in this place.
 E = Time spent auto-exploring this place.
 F = Levels seen in this place.
 G = Mean time per level.
                   A        B        C        D        E       F      G
               +--------+--------+--------+--------+--------+-----+--------+
         Total |    593 |    593 |      0 |    383 |      0 |   1 |  593.0 |
       Dungeon |    593 |    593 |      0 |    383 |      0 |   1 |  593.0 |
               +--------+--------+--------+--------+--------+-----+--------+

Top non-repeatable levels by time:
       D: 593 daAuts
